 Dungeon Crawl Stone Soup version 0.14-a0-1192-g192f278 (webtiles) character file.

305 Psiweapon the Sneak (level 5, -2/46 HPs)
             Began as a Naga Warper on Dec 1, 2013.
             Killed by nerve-wracking pain
             ... invoked by Grinder
              (8 damage)
             ... on Level 3 of the Dungeon.
             The game lasted 00:16:20 (2922 turns).

Psiweapon the Sneak (Naga Warper)                   Turns: 2922, Time: 00:16:20

HP  -2/46        AC  6     Str 13      XL: 5   Next: 86%
MP   7/7         EV 15     Int 14      God:
Gold 97          SH  0     Dex 16      Spells:  2 memorised,  5 levels left

rFire  + . .     SeeInvis +     u - +0,+1 orc falchion (venom)
rCold  + . .     Clarity  +     b - +0 leather armour
rNeg   . . .     Conserve .     (no shield)
rPois  +         rCorr    .     (no helmet)
rElec  +         rRot     .     l - +1 cloak
SustAb . .       Spirit   .     s - +0 pair of gauntlets
rMut   .         Warding  .     (no barding)
Saprov . . .     Stasis   .     x - amulet of clarity {unknown}
                                (no ring)
                                (no ring)

@: agile, very slightly contaminated, hasted, quick, slightly resistant to
hostile enchantments, very stealthy
A: spit poison, see invisible, deformed body, poison resistance, slowness 2, AC
+1
a: Spit Poison


You were on level 3 of the Dungeon.
You were not hungry.

You visited 1 branch of the dungeon, and saw 3 of its levels.

You collected 97 gold pieces.

Inventory:

Hand weapons
 a - a +0,+0 spear
 r - a +0,+2 dagger of venom
 u - a +0,+1 orcish falchion of venom (weapon)
 y - a +0,+0 scythe
 B - a +0 blowgun
Missiles
 e - 10 darts (quivered)
 f - 10 darts of dispersal
 A - 3 needles of paralysis
Armour
 b - a +0 leather armour (worn)
 l - a +1 cloak (worn)
 s - a +0 pair of gauntlets (worn)
Comestibles
 g - a bread ration
 t - a lychee
 z - a meat ration
 D - a chunk of kobold flesh
Scrolls
 d - a scroll of blinking
 h - 2 scrolls of enchant weapon II {unknown}
 i - a scroll of identify {unknown}
 j - a scroll of immolation {unknown}
 m - a scroll of fog {unknown}
 n - a scroll of curse jewellery {unknown}
 p - a scroll of enchant armour {unknown}
 w - a scroll of curse weapon {unknown}
 E - a scroll of magic mapping {unknown}
Jewellery
 x - an amulet of clarity (around neck) {unknown}
Books
 c - a book of Spatial Translocations

   Spells                             Type                      Level
   *Apportation                       Translocation                1
   Portal Projectile                  Translocation                2
   *Blink                             Translocation                2
   Shroud of Golubria                 Charms/Translocation         2
   Teleport Other                     Translocation                3
   Passage of Golubria                Translocation                4


   Skills:
 + Level 3.2 Fighting
 + Level 1.6 Long Blades
 - Level 2.0 Polearms
 - Level 1.1 Throwing
 - Level 1.1 Armour
 - Level 2.0 Dodging
 + Level 4.1 Stealth
 - Level 2.0 Spellcasting
 + Level 4.0 Translocations


You had 5 spell levels left.
You knew the following spells:

 Your Spells              Type           Power        Failure   Level  Hunger
a - Apportation           Tloc           ##........   4%          1    ##.....
b - Blink                 Tloc           N/A          10%         2    ###....


Dungeon Overview and Level Annotations

Branches:
Dungeon (3/16)

Altars:
Makhleb

Annotations:
D:3 Grinder


Innate Abilities, Weirdness & Mutations

You cannot wear boots.
You can spit poison.
Your serpentine skin is tough (AC +1).
You have supernaturally acute eyesight.
Armour fits poorly on your strangely shaped body.
Your system is resistant to poisons.
You cover ground very slowly.


Message History

Your +0 pair of gauntlets unmelds from your body.
Your +0 leather armour unmelds from your body.
Grinder gestures.
Grinder blinks!
Drink which item? (? for menu, Esc to quit)
You feel more agile all of a sudden.
It was a potion of agility.
Drink which item? (? for menu, Esc to quit)
You feel yourself speed up.
It was a potion of speed.
Grinder says, "I used to sell toe-nails on the black market."
Grinder zaps a wand.
You resist.
Drink which item? (? for menu, Esc to quit)
You feel protected.
It was a potion of resistance.
You flicker back into view.
Grinder gestures at you. You resist. Grinder gestures at you.
Pain shoots through your body!
You die...

######.#.# . #..#.# .####..#.####
.............. .###.#.#.#######
.......#.........
.......#%####### .
...............#+#+### #.#
#....#.#.#####.5@....# #.#
##.#.#.#... #......># #..
.....#.#.### #.......##########..
..(..#.#.....................#...
....#.#######.#+#+#.#######.#...
.#.#...........#.#.......#.#...
#..........####.#.#..##.#.#...
#(#...............#<.##.#.#..#
#(#.#####.........##.##.#.#..#


You could see Grinder.

Vanquished Creatures
  Sigmund (D:2)
  An orc priest (D:3)
  An orc wizard (D:3)
  A gnoll (D:1)
  2 adders (D:2)
  2 worms
  A giant gecko (D:2)
  3 orcs (D:3)
  2 giant cockroaches
  5 goblins
  7 hobgoblins
  5 jackals
  7 kobolds
  A quokka (D:2)
  A ball python (D:3)
  5 bats
  4 giant newts
  5 rats
54 creatures vanquished.

Vanquished Creatures (others)
  An orc (D:3)
1 creature vanquished.

Grand Total: 55 creatures vanquished

Notes
Turn   | Place    | Note
--------------------------------------------------------------
     0 | D:1      | Psiweapon, the Naga Warper, began the quest for the Orb.
     0 | D:1      | Reached XP level 1. HP: 18/18 MP: 1/1
    23 | D:1      | Reached XP level 2. HP: 25/25 MP: 3/3
   140 | D:1      | Reached skill level 1 in Armour
   418 | D:1      | Reached skill level 1 in Throwing
   639 | D:1      | Learned a level 2 spell: Blink
   643 | D:1      | Reached XP level 3. HP: 31/31 MP: 4/4
   974 | D:1      | Reached skill level 1 in Stealth
  1466 | D:2      | Reached XP level 4. HP: 33/39 MP: 6/6
  2218 | D:2      | Noticed Sigmund
  2232 | D:2      | Killed Sigmund
  2232 | D:2      | Reached skill level 1 in Long Blades
  2232 | D:2      | Reached XP level 5. HP: 26/45 MP: 7/7
  2529 | D:3      | Reached skill level 4 in Stealth
  2749 | D:3      | Found a burning altar of Makhleb.
  2749 | D:3      | Noticed a balrug
  2870 | D:3      | Noticed Grinder
  2871 | D:3      | Paralysed by Grinder for 6 turns
  2889 | D:3      | Paralysed by Grinder for 5 turns
  2922 | D:3      | Killed from afar by Grinder

Action                   |  1- 3 |  4- 6 || total
-------------------------+-------+-------++-------
Melee: Spear             |   125 |    14 ||   139
       Falchion          |       |    60 ||    60
       Dagger            |       |    20 ||    20
       Unarmed           |       |     6 ||     6
Throw: Dart              |    19 |     1 ||    20
 Cast: Blink             |       |     2 ||     2
 Abil: Spit Poison       |    16 |     8 ||    24
  Use: Potion            |       |     5 ||     5
 Stab: Sleeping          |       |     3 ||     3
